 Dungeon Crawl Stone Soup version 0.31.0-9-g3a7656b989 (webtiles) character file.

Game seed: 11428905793584078093

29 qw the Shooter (level 3, 0/18 HPs)
             Began as a Spriggan Hunter on Feb 2, 2024.
             Succumbed to their own poison gas
             ... on level 1 of the Dungeon.
             The game lasted 00:00:02 (648 turns).

qw the Shooter (Spriggan Hunter)                     Turns: 648, Time: 00:00:03

Health: 0/18       AC:  2    Str:  7    XL:     3   Next: 1%
Magic:  4/4        EV: 19    Int: 10    God:
Gold:   87         SH:  0    Dex: 20    Spells: 2/2 levels left

rFire   . . .        a - +1 shortbow
rCold   . . .        (shield currently unavailable)
rNeg    . . .        c - +0 robe
rPois   .            (helmet restricted)
rElec   .            (no cloak)
rCorr   .            (gloves unavailable)
SInv    +            (boots unavailable)
Will    .....        (no amulet)
Stlth   ++           (no ring)
HPRegen 0.23/turn    (no ring)
MPRegen 0.09/turn

%: no passive effects
@: lethally poisoned (0 -> -1), very quick
A: very small, no large weapons, unfitting armour, see invisible, speed 3
a: no special abilities


You were on level 1 of the Dungeon.
You visited 1 branch of the dungeon, and saw 1 of its levels.

You collected 87 gold pieces.


Innate Abilities, Weirdness & Mutations

You are very small and have problems with some larger weapons.
You are too small for most types of armour.
You have supernaturally acute eyesight. (SInv)
You cover ground extremely quickly. (Speed+++)


   Skills:
 - Level 1.5 Fighting
 + Level 4.4 Ranged Weapons
 - Level 4.0 Dodging
 - Level 1.5 Stealth


You had 2 spell levels left.
You didn't know any spells.
Your spell library was empty.

Inventory:

Hand Weapons
 a - a +1 shortbow (weapon)
Armour
 c - a +0 robe (worn)
Potions
 f - a potion of heal wounds {unknown}
 k - a potion of invisibility {unknown}

Dungeon Overview and Level Annotations

Branches:
Dungeon (1/15)

Altars:


Message History

Done exploring.
636 ||| DROPPING scroll of butterflies.
You drop a scroll of butterflies.
Done exploring.
637 ||| DROPPING potion of ambrosia.
You drop a potion of ambrosia.
Done exploring.
What level of the Dungeon? (default 1, ? - help) Sorry, I don't know how to get there.
Enter note:
Enter note:
Enter note:
Enter note:
Enter note:
Enter note:
Enter note:
Enter note:
Enter note: You are engulfed in poison gas.
You are poisoned.
You feel very sick.
639 ||| Stepping ~*~*~tactically~*~*~ (cloud).
You feel sick.
Things that are here:
a potion of ambrosia; a scroll of butterflies
There is a lethal amount of poison in your body!
You feel very sick.
There is a lethal amount of poison in your body!
You feel sick.
There is a lethal amount of poison in your body!
You feel sick.
There is a lethal amount of poison in your body!
You feel sick.
There is a lethal amount of poison in your body!
You feel sick.
There is a lethal amount of poison in your body!
You feel sick.
There is a lethal amount of poison in your body!
You feel sick.
There is a lethal amount of poison in your body!
You feel sick.
There is a lethal amount of poison in your body!
You die...

#...###^###.......
#.0..#..).#'......
#.0#...##..#######
#..##.######
#..##.# #00##0###
#0.00.0.#
#0....#.# ######
#@00..#.#####.....
####.0#.........##
#.....#####...#
#...P#P....#...
#...#P#####P#..
##..#.#....P#P#.
#..#P#.#####.#.#
#..#.#P#._.#.#.#
#......^..^^..^.


There were no monsters in sight!

Vanquished Creatures
  3 endoplasms (D:1)
  A giant cockroach (D:1)
  4 goblins (D:1)
  2 hobgoblins (D:1)
  3 kobolds (D:1)
  A quokka (D:1)
  5 ball pythons (D:1)
  4 bats (D:1)
  A frilled lizard (D:1)
  A rat (D:1)
25 creatures vanquished.

Notes
Turn   | Place    | Note
-------+----------+-------------------------------------------
     0 | D:1      | qw the Spriggan Hunter began the quest for the Orb.
     0 | D:1      | Reached XP level 1. HP: 10/10 MP: 2/2
     0 | D:1      | 0 ||| qw: Version: 0.3-a-155-g5e7d8dd
     0 | D:1      | 0 ||| qw: Game counter: 1564
     0 | D:1      | 0 ||| qw: Melee chars always use a shield: true
     0 | D:1      | 0 ||| qw: God list: Okawaru
     0 | D:1      | 0 ||| qw: Allow faded altars: false
     0 | D:1      | 0 ||| qw: Do Orc after clearing Dungeon:15 true
     0 | D:1      | 0 ||| qw: Do second Lair branch before Depths: true
     0 | D:1      | 0 ||| qw: Lair rune preference: random
     0 | D:1      | 0 ||| qw: Goals: Normal
     0 | D:1      | 0 ||| PLANNING D:1-11
    26 | D:1      | Reached skill level 3 in Dodging
    87 | D:1      | Reached XP level 2. HP: 14/14 MP: 3/3
   102 | D:1      | Found a faded altar of an unknown god.
   529 | D:1      | Reached XP level 3. HP: 18/18 MP: 4/4
   627 | D:1      | 627 ||| READING scroll labelled KIOPTA AWNYDD.
   627 | D:1      | 627 ||| ENCHANTING +0 shortbow.
   628 | D:1      | 628 ||| READING scroll labelled KIAD EPLY.
   631 | D:1      | 631 ||| READING scroll labelled TAB CEAHITA.
   632 | D:1      | 632 ||| READING scroll labelled FIN BIHIUMOSY.
   632 | D:1      | 632 ||| ENCHANTING +0 shortbow.
   633 | D:1      | 633 ||| DRINKING 2 blue potions.
   634 | D:1      | 634 ||| DRINKING 2 red potions.
   635 | D:1      | 635 ||| DRINKING potion of curing.
   635 | D:1      | 635 ||| (to cure confusion)
   636 | D:1      | 636 ||| DROPPING scroll of butterflies.
   637 | D:1      | 637 ||| DROPPING potion of ambrosia.
   639 | D:1      | 639 ||| Stepping ~*~*~tactically~*~*~ (cloud).
   643 | D:1      | HP: 4/18 [poisoned by you (poison gas)]
   647 | D:1      | HP: 1/18 [poisoned by you (poison gas)]
   648 | D:1      | Succumbed to their own poison gas

Levels and vault maps discovered:
D:1:      minmay_arrival_four_loops, layout_loops_ring,
          shapermc_ecumenical_altar_rom_forum, nicolae_twisty_statue_hallways

Skill      XL: |  1  2 |
---------------+-------+-----
Dodging        | 3 4 |  4.0
Fighting       | |  1.5
Ranged Weapons | |  4.4
Stealth        | |  1.5

Action                     || total
---------------------------++-------
   Fire: Shortbow          ||    66
    Use: Scroll            ||     4
         Potion            ||     3
 Armour: Robe              ||     9
  Dodge: Dodged            ||    32

Table legend:
 A = Non-vault XP
 B = Vault XP
 C = Vault XP percentage of total XP
 D = Non-vault monster count
 E = Vault monster count
 F = Vault count percentage of total count
                 A         B        C        D         E       F
            +---------+---------+-------+---------+---------+-------
      Total |      42 |       0 |   0.0 |      25 |       0 |   0.0
            +---------+---------+-------+---------+---------+-------
        D:1 |      42 |       0 |   0.0 |      25 |       0 |   0.0
            +---------+---------+-------+---------+---------+-------
